Map: Lost and Found LE

Players

Rye - Winner!

  • Race: Zerg Zerg
  • League: Diamond
  • Spawn Location: 7:00

Polaris

  • Race: Protoss Protoss
  • League: Diamond
  • Spawn Location: 1:00

VOD

Have the link to the VOD?

Description

ZvP phoenix vs roach

Time

  • Played on: May 24, 2018, 6:35 a.m.
  • Length: 12:10
Show
View Real Time Build Order
Export as new Build Order

Rye Zerg - Winner!

Build Orders: Hatch First, Swarm Host 

Get SALT Encoding   

  12  0:01  Drone  
  13  0:13  Overlord  
  13  0:19  Drone  
  14  0:32  Drone  
  15  0:36  Drone  
  16  0:51  Hatchery  
  15  0:57  Drone  
  15  1:02  Extractor  
  16  1:04  Drone  
  16  1:13  Spawning Pool  
  15  1:26  Drone  
  15  1:29  Drone  
  15  1:30  Drone  
  18  1:52  Hatchery  
  17  1:58  Drone  
  17  2:00  Zergling x2  
  19  2:14  Queen  
  21  2:16  Drone  
  21  2:17  Drone  
  23  2:29  Zergling x2  
  25  2:30  Zergling x2  
  25  2:33  Metabolic Boost  
  25  2:35  Drone x2  
  27  2:49  Drone  
  28  2:51  Overlord  
  28  3:03  Queen  
  30  3:08  Drone x4  
  30  3:12  Drone x2  
  36  3:20  Queen  
  38  3:30  Drone x4  
  42  3:46  Overlord  
  42  3:47  Overlord x3  
  42  3:50  Spore Crawler  
  42  3:51  Drone  
  42  4:14  Lair  
  42  4:16  Drone x10  
  42  4:17  Drone x2  
  54  4:21  Extractor x2  
  54  4:24  Spore Crawler  
  51  4:28  Drone x4, Extractor  
  54  4:38  Queen  
  56  4:43  Drone  
  56  4:44  Drone x5  
  62  4:48  Spore Crawler  
  60  4:58  Roach Warren  
  59  5:04  Overlord  
  59  5:05  Overlord x2  
  59  5:07  Spore Crawler  
  59  5:12  Overlord x3  
  58  5:17  Spore Crawler  
  57  5:22  Queen  
  57  5:23  Overlord x2, Infestation Pit  
  57  5:25  Drone x2  
  61  5:28  Drone x2  
  61  5:31  Extractor x2  
  60  5:40  Roach x5  
  68  5:52  Queen  
  68  5:57  Spore Crawler  
  68  6:01  Roach x4  
  75  6:15  Glial Reconstitution  
  75  6:28  Roach  
  75  6:29  Roach x13  
  103  6:40  Roach x4  
  103  6:41  Roach  
  103  6:46  Evolution Chamber, Drone  
  113  6:48  Evolution Chamber  
  112  7:04  Drone  
  112  7:05  Drone x8  
  121  7:12  Zerg Missile Weapons Level 1  
  121  7:13  Zerg Ground Armor Level 1  
  121  7:15  Hive  
  119  7:33  Overlord  
  119  7:34  Overlord x3, Spore Crawler  
  110  8:11  Nydus Network  
  95  8:39  Swarm Host x2  
  95  8:40  Swarm Host x8  
  95  8:41  Hydralisk Den  
  122  8:46  Drone x4  
  116  9:03  Hatchery  
  109  9:19  Nydus Canal  
  105  9:26  Zerg Missile Weapons Level 2  
  105  9:31  Drone x3  
  104  9:32  Drone x3  
  104  9:33  Drone x2  
  111  9:50  Zergling x2  
  111  9:51  Zergling x28  
  124  10:12  Nydus Canal  
  124  10:16  Grooved Spines  
  110  10:52  Nydus Canal  
  96  11:14  Zergling x2  
  96  11:15  Zergling x40  
  117  11:24  Hydralisk  
Show
View Real Time Build Order
Export as new Build Order

Polaris Protoss 

Build Orders: 1 Gate Expand, Phoenix Opening 

Get SALT Encoding   

  12  0:01  Probe  
  13  0:14  Probe  
  14  0:22  Pylon  
  14  0:26  Probe  
  15  0:42  Gateway  
  15  0:44  Probe  
  15  0:49  Assimilator  
  16  0:52  Probe  
  17  1:00  Probe  
  18  1:12  Probe  
  19  1:28  Nexus  
  19  1:29  Probe  
  19  1:37  Probe  
  21  1:48  Cybernetics Core  
  21  1:59  Pylon  
  21  2:02  Probe  
  21  2:07  Assimilator  
  22  2:10  Probe  
  23  2:16  Warp Gate  
  23  2:18  Probe  
  24  2:27  Adept  
  26  2:30  Probe  
  27  2:41  Stargate  
  27  2:45  Gateway  
  27  2:51  Gateway  
  27  2:58  Stalker  
  27  3:00  Probe x2  
  29  3:12  Probe  
  32  3:13  Probe  
  33  3:22  Pylon  
  33  3:24  Probe  
  33  3:25  Phoenix, Probe  
  37  3:36  Probe  
  37  3:37  Probe  
  39  3:45  Shield Battery  
  39  3:49  Probe x2  
  39  3:50  Stargate  
  41  4:02  Phoenix, Assimilator, Probe  
  42  4:05  Assimilator  
  44  4:17  Probe x2  
  44  4:23  Pylon  
  46  4:36  Phoenix  
  48  4:39  Adept  
  48  4:40  Nexus  
  48  4:41  Pylon  
  48  4:44  Adept  
  52  4:49  Probe x2  
  52  4:52  Phoenix  
  56  5:09  Probe x2  
  56  5:13  Gateway  
  58  5:15  Gateway  
  58  5:16  Phoenix  
  58  5:18  Forge  
  58  5:21  Probe x2  
  62  5:24  Sentry  
  64  5:32  Pylon  
  64  5:33  Probe, Pylon  
  65  5:39  Adept x2  
  65  5:42  Probe  
  69  5:45  Probe  
  70  6:02  Phoenix  
  72  6:11  Phoenix  
  72  6:12  Probe x3  
  77  6:24  Assimilator, Probe x2  
  77  6:25  Probe  
  80  6:26  Assimilator  
  80  6:30  Protoss Ground Weapons Level 1  
  80  6:32  Gateway  
  80  6:34  Gateway  
  80  6:35  Gateway  
  80  6:36  Zealot x4, Probe  
  80  6:37  Probe  
  80  6:39  Probe, Photon Cannon  
  91  6:40  Shield Battery  
  91  6:46  Probe  
  91  6:48  Probe x2  
  91  6:54  Probe  
  94  7:01  Probe  
  96  7:04  Twilight Council  
  96  7:10  Probe  
  96  7:12  Pylon  
  96  7:13  Probe x2  
  96  7:14  Pylon  
  99  7:17  Pylon  
  99  7:18  Fleet Beacon  
  99  7:19  Phoenix  
  101  7:27  Probe x2  
  101  7:29  Phoenix  
  101  7:44  Phoenix  
  101  7:45  Zealot x5  
  71  8:06  Stalker x4  
  71  8:07  Stalker  
  74  8:17  Protoss Ground Weapons Level 2  
  74  8:19  Charge  
  64  8:30  Zealot  
  64  8:31  Zealot x4  
  66  8:35  Probe  
  66  8:39  Probe x2  
  55  8:44  Probe  
  52  8:49  Zealot x3  
  52  8:51  Probe x2  
  52  8:52  Probe  
  59  9:00  Probe  
  60  9:03  Probe x2  
  60  9:05  Gateway  
  57  9:12  Probe  
  57  9:15  Probe x2  
  59  9:24  Probe  
  59  9:25  Cybernetics Core  
  59  9:27  Probe  
  59  9:31  Zealot x2  
  59  9:32  Zealot x2  
  66  9:52  Zealot x3  
  68  9:53  Zealot x2  
  75  10:00  Pylon  
  75  10:06  Pylon  
  75  10:08  Pylon  
  75  10:14  Probe x2  
  75  10:17  Pylon  
  75  10:19  Pylon  
  77  10:33  Zealot x4  
  83  10:45  Zealot x4  
  74  11:14  Probe x2  
  74  11:16  Assimilator  
  68  11:36  Zealot  
  68  11:37  Zealot x4  
  74  11:50  Probe x2  
  74  11:52  Zealot  
  74  11:53  Zealot, Nexus  
Tags
 
Add a new tag
Caveats
  • Supply blocks, unpowered buildings, or Contaminate may cause inaccurate times.
  • Supply counts are checked every 10 seconds.